 Dungeon Crawl Stone Soup version 0.31-a0-986-g5e6e4ef867 (webtiles) character file.

Game seed: 18327594349126380570

2256 pokeman the Thaumaturge (level 9, -1/48 HPs)
             Began as a Deep Elf Hedge Wizard on Nov 8, 2023.
             Slain by a large slime creature (27 damage)
             ... on level 6 of the Dungeon on Nov 9, 2023.
             The game lasted 00:12:09 (6049 turns).

pokeman the Thaumaturge (Deep Elf Hedge Wizard)     Turns: 6049, Time: 00:12:10

Health: -1/48      AC:  6    Str:  7    XL:     9   Next: 15%
Magic:  12/25      EV: 13    Int: 30    God:
Gold:   264        SH:  0    Dex: 14    Spells: 14/29 levels left

rFire   . . .        s - +0 great sword
rCold   . . .        (shield currently unavailable)
rNeg    . . .        b - +0 robe
rPois   .            O - +2 hat
rElec   .            A - +0 cloak
rCorr   .            (no gloves)
SInv    .            h - +0 pair of boots
Will    .....        (no amulet)
Stlth   ++           x - +6 ring of intelligence
HPRegen 0.28/turn    N - +4 ring of slaying
MPRegen 0.19/turn

%: no passive effects
@: no status effects
A: no striking features
a: no special abilities


You were on level 6 of the Dungeon.
You visited 2 branches of the dungeon, and saw 7 of its levels.

You collected 352 gold pieces.
You spent 88 gold pieces at shops.

Inventory:

Hand Weapons
 s - a +0 great sword (weapon)
Missiles
 m - 4 throwing nets
 t - 9 curare-tipped darts
Armour
 b - a +0 robe (worn)
 h - a +0 pair of boots (worn)
 A - a +0 cloak (worn)
 I - +0 swamp dragon scales
 O - a +2 hat (worn)
Magical Staves
 M - a staff of earth
Jewellery
 g - an amulet of guardian spirit
 x - a +6 ring of intelligence (left hand)
 J - a ring of ice
 N - a +4 ring of slaying (right hand)
Wands
 y - a wand of roots (6)
 C - a wand of mindburst (6)
 G - a wand of charming (13)
 L - a wand of flame (20)
Scrolls
 e - a scroll of enchant weapon {unknown}
 f - 2 scrolls of immolation {unknown}
 j - 4 scrolls of vulnerability {unknown}
 l - a scroll of noise {unknown}
 p - 8 scrolls of teleportation {unknown}
 q - 4 scrolls of identify {unknown}
 r - 3 scrolls of enchant armour {unknown}
 v - a scroll of revelation {unknown}
 w - a scroll of fear {unknown}
 D - 2 scrolls of poison {unknown}
 E - a scroll of fog {unknown}
 F - a scroll of torment {unknown}
 H - a scroll of amnesia {unknown}
Potions
 a - 2 potions of lignification {unknown}
 d - 2 potions of magic
 i - a potion of mutation {unknown}
 k - a potion of haste {unknown}
 n - 2 potions of might {unknown}
 o - 5 potions of curing
 u - a potion of cancellation {unknown}
 z - a potion of attraction {unknown}
 B - a potion of berserk rage {unknown}
 K - a potion of heal wounds {unknown}


   Skills:
 - Level 2.0 Fighting
 + Level 2.7 Armour
 - Level 3.0 Dodging
 - Level 3.1 Stealth
 * Level 10.5 Spellcasting
 + Level 5.6 Conjurations
 - Level 1.1 Summonings
 + Level 4.5 Necromancy
 - Level 1.1 Translocations
 - Level 1.0 Transmutations
 + Level 4.1 Fire Magic
 - Level 1.2 Air Magic
 + Level 1.3 Earth Magic
 - Level 1.3 Poison Magic
 - Level 1.0 Evocations


You had 14 spell levels left.
You knew the following spells:

 Your Spells              Type           Power      Damage    Failure   Level
a - Magic Dart            Conj           100%       1d8       1%          1
b - Mephitic Cloud        Conj/Pois/Air  32%        N/A       3%          3
c - Call Imp              Summ           44%        N/A       3%          2
d - Blink                 Tloc           44%        N/A       3%          2
e - Ignite Poison         Fire/Tmut/Pois 28%        N/A       4%          3
f - Dispel Undead         Necr           42%        3d17      5%          4

Your spell library contained the following spells:

 Spells                   Type           Power      Damage    Failure   Level
 Kiss of Death            Conj/Necr      100%       2d13      1%          1
 Cigotuvi's Dreadful Rot  Necr/Pois/Air  60%        N/A       1%          2
 Slow                     Hex            60%        N/A       3%          1
 Sticky Flame             Conj/Fire      44%        2d6       4%          4
 Confusing Touch          Hex            15%        N/A       10%         3
 Death Channel            Necr           21%        N/A       63%         6
 Ignition                 Fire           20%        3d7       100%        8


Dungeon Overview and Level Annotations

Branches:
Dungeon (6/15)             Temple (1/1) D:5

Altars:
Dithmenos
Elyvilon
Gozag
Hepliaklqana
Kikubaaqudgha
Makhleb
Nemelex Xobeh
Okawaru
Qazlal
Ru
Trog
Uskayaw
Zin
The Shining One

Shops:
D:4 [!


Message History

A slime creature comes into view.
Unknown command.
Casting: Ignite Poison (dangerous; 4% risk of failure)
Confirm with . or Enter, or press ? or * to list all spells.
A tiny devil pulls itself out of the air.
A nearby fungus withers and dies.
The slime creature hits you!
Two slime creatures merge to form a large slime creature.
Unknown command.
You swap places.
Your cerulean imp barely misses the large slime creature.
Your cerulean imp barely misses the large slime creature.
The large slime creature hits your cerulean imp!!
Your cerulean imp dies!
Your cerulean imp disappears in a puff of smoke!
Casting: Call Imp (safe; 3% risk of failure)
Confirm with . or Enter, or press ? or * to list all spells.
Aiming: Mephitic Cloud (dangerous; 3% risk of failure)
Press: ? - help, Shift-Dir - straight line The ball explodes into a vile cloud!
Unknown command.
Unknown command.
Casting: Mephitic Cloud (dangerous; 3% risk of failure)
Confirm with . or Enter, or press ? or * to list all spells.
You ignite the poison in your surroundings!
The large slime creature is engulfed in blazing flames.
Unknown command.
Casting: Ignite Poison (dangerous; 4% risk of failure)
Confirm with . or Enter, or press ? or * to list all spells.
A tiny devil pulls itself out of the air.
The large slime creature is engulfed in blazing flames.
The jelly is engulfed in blazing flames.
You kill the jelly!
Unknown command.
Unknown command.
You hit the large slime creature.
The large slime creature is severely wounded.
The large slime creature is engulfed in blazing flames.
The large slime creature hits you!!
Ouch! That really hurt!
You die...

####(............>...#####.######
............####.###............#
####.[...##.# #.# #####.#.####.#
##.#..##.# #.# #...#...#
#.#..##.. ### #######.#
#..########## #...#
#)#########.## #.###
#)###....#.#5# #.# #)##.....#.#@#
#.# ##)'......#'#J# ###
#.)'........#°# #..'........#○#
#..##.......#J#
#.####..(...##'...P.P #. ########
#÷..÷.. #. ###### #.


You could see a large slime creature (ally target), an endoplasm and a friendly
cerulean imp (summoned).

Vanquished Creatures
  Pikel (D:6)
  Maggie (D:6)
  Edmund (D:6)
  A water moccasin (D:6)
  A centaur (D:5)
  2 ogres
  A lemure (D:6)
  A phantom (D:5)
  5 kobold brigands (D:6)
  4 scorpions
  7 jellies
  2 hounds (D:5)
  3 iguanas
  3 adders
  A shadow imp (D:6)
  A white imp (D:6)
  2 ufetubi (D:6)
  2 worms
  3 dart slugs
  The ghost of dialectric the Sneak, a weakling SpDe (D:4)
  An orc (D:4)
  11 endoplasms
  4 giant cockroaches
  5 hobgoblins
  5 quokkas
  4 ball pythons
  A bat (D:3)
  2 frilled lizards (D:3)
  6 goblins
  12 kobolds
  8 rats
102 creatures vanquished.

Notes
Turn   | Place    | Note
-------+----------+-------------------------------------------
     0 | D:1      | pokeman the Deep Elf Hedge Wizard began the quest for the
                  | Orb.
     0 | D:1      | Reached XP level 1. HP: 10/10 MP: 7/7
   420 | D:1      | Reached XP level 2. HP: 15/15 MP: 6/9
  1456 | D:2      | Reached skill level 5 in Spellcasting
  1703 | D:2      | Reached XP level 3. HP: 20/20 MP: 8/11
  1707 | D:2      | Learned a level 3 spell: Mephitic Cloud
  1710 | D:2      | Learned a level 2 spell: Call Imp
  1713 | D:2      | Learned a level 2 spell: Blink
  2355 | D:3      | Found a bloodstained altar of Trog.
  2355 | D:3      | Found a stormy altar of Qazlal.
  2531 | D:3      | Reached skill level 1 in Fighting
  2594 | D:3      | Reached skill level 1 in Armour
  2594 | D:3      | Reached XP level 4. HP: 25/25 MP: 5/13
  3118 | D:4      | Noticed a scorpion
  3122 | D:4      | Noticed a scorpion
  3123 | D:4      | Killed a scorpion
  3124 | D:4      | Reached skill level 6 in Spellcasting
  3124 | D:4      | Reached XP level 5. HP: 18/29 MP: 7/15
  3220 | D:4      | Learned a level 4 spell: Dispel Undead
  3221 | D:4      | Noticed dialectric's ghost (weakling SpDe)
  3225 | D:4      | Found a runed translucent door.
  3356 | D:4      | Found a hazy altar of Hepliaklqana.
  3389 | D:4      | Reached XP level 6. HP: 14/34 MP: 11/17
  3399 | D:4      | Reached skill level 7 in Spellcasting
  3399 | D:4      | Reached skill level 1 in Necromancy
  3554 | D:4      | Learned a level 3 spell: Ignite Poison
  3555 | D:4      | Found Avec's Distillery.
  3566 | D:4      | Bought a potion of magic for 88 gold pieces
  3647 | D:4      | Reached skill level 1 in Air Magic
  3647 | D:4      | Reached skill level 1 in Poison Magic
  3750 | D:4      | Found a white marble altar of Elyvilon.
  3928 | D:4      | Found Peypnel's Armour Shoppe.
  4130 | D:4      | Killed dialectric's ghost
  4259 | D:5      | Entered Level 5 of the Dungeon
  4266 | D:5      | Reached skill level 1 in Transmutations
  4266 | D:5      | Reached skill level 1 in Fire Magic
  4269 | D:5      | Reached XP level 7. HP: 34/38 MP: 14/20
  4278 | D:5      | Reached skill level 1 in Evocations
  4368 | D:5      | Found an iron altar of Okawaru.
  4509 | D:5      | Reached skill level 8 in Spellcasting
  4883 | D:5      | Found a staircase to the Ecumenical Temple.
  4889 | Temple   | Entered the Ecumenical Temple
  5071 | D:6      | Noticed Maggie
  5099 | D:6      | Killed Maggie
  5100 | D:6      | Reached skill level 9 in Spellcasting
  5100 | D:6      | Reached XP level 8. HP: 11/44 MP: 8/23
  5242 | D:6      | Noticed Edmund
  5251 | D:6      | Killed Edmund
  5351 | D:6      | Found a glowing golden altar of the Shining One.
  5595 | D:6      | Noticed Pikel
  5604 | D:6      | Killed Pikel
  5605 | D:6      | Reached skill level 10 in Spellcasting
  5605 | D:6      | Reached skill level 5 in Conjurations
  5851 | D:6      | Reached XP level 9. HP: 21/48 MP: 15/25
  5857 | D:6      | Reached skill level 1 in Earth Magic
  6049 | D:6      | Slain by a large slime creature

Illustrated notes

Levels and vault maps discovered:
D:1:      ebering_trefoil_3fold, layout_basic
D:2:      layout_rooms
D:3:      layout_rooms, gammafunk_temple_overflow_wave
D:4:      layout_rooms, mainiacjoe_overflow_six_doors_small,
          mainiacjoe_overflow_surrounded_room, serial_curves, eino_curves_01,
          eino_curves_04, eino_curves_01, hellmonk_ghost_happy_afterlife,
          serial_shops, kennysheep_mini, shop, kennysheep_opposing_triangles
D:5:      layout_rooms, okawaru_ov_weapons_minmay, minmay_temple_entry_fiery,
          minmay_misc_feat_tiny
D:6:      cheibrodos_fertilizer, layout_loops_ring, general_overflow_altar,
          kennysheep_path_1, hangedman_decor_push, uniq_pikel, uniq_edmund,
          uniq_maggie
Temple:   nicolae_temple_ecumenical_triangle

Skill      XL: |  1  2  3  4  5  6  7  8  9 |
---------------+----------------------------+-----
Spellcasting   | 5 6 7 9 10 | 10.5
Fighting       | 1 2 |  2.0
Armour         | 1 2 |  2.7
Conjurations   | 2 3 4 5 |  5.6
Dodging        | 3 |  3.0
Stealth        | 3 |  3.1
Necromancy     | 1 3 4 |  4.5
Air Magic      | 1 |  1.2
Poison Magic   | 1 |  1.3
Transmutations | 1 |  1.0
Fire Magic     | 1 2 3 4 |  4.1
Evocations     | 1 |  1.0
Earth Magic    | 1 |  1.3
Summonings     | |  1.1
Translocations | |  1.1

Action                     |  1- 3 |  4- 6 |  7- 9 || total
---------------------------+-------+-------+-------++-------
  Melee: Dagger            |     5 |       |       ||     5
         Great sword       |     3 |    12 |    24 ||    39
   Cast: Magic Dart        |   119 |    57 |    50 ||   226
         Mephitic Cloud    |     1 |     7 |    18 ||    26
         Ignite Poison     |       |     3 |    11 ||    14
         Call Imp          |       |     1 |     3 ||     4
         Blink             |       |       |     2 ||     2
  Evoke: Wand              |       |       |     2 ||     2
    Use: Potion            |       |       |     2 ||     2
   Stab: Confused          |       |     4 |     1 ||     5
 Armour: Robe              |     6 |    14 |    21 ||    41
  Dodge: Dodged            |    15 |    13 |    29 ||    57

Table legend: (Time is in decaauts)
 A = Elapsed time spent in this place.
 B = Non-inter-level travel time spent in this place.
 C = Inter-level travel time spent in this place.
 D = Time resting spent in this place.
 E = Time spent auto-exploring this place.
 F = Levels seen in this place.
 G = Mean time per level.
                   A        B        C        D        E       F      G
               +--------+--------+--------+--------+--------+-----+--------+
         Total |   6093 |   5876 |    217 |    167 |   4972 |   7 |  870.4 |
       Dungeon |   6091 |   5874 |    217 |    167 |   4972 |   6 | 1015.2 |
        Temple |      1 |      1 |      0 |      0 |      0 |   1 |    1.0 |
               +--------+--------+--------+--------+--------+-----+--------+

Top non-repeatable levels by time:
     D:1: 1411 daAuts
     D:4: 1228 daAuts
     D:6: 1150 daAuts
     D:3: 926 daAuts
     D:2: 699 daAuts
     D:5: 676 daAuts
  Temple: 1 daAuts
